Map: Ruins of Endion

Players

blackxored

  • Race: Zerg Zerg
  • League: Platinum

Sapitek - Winner!

  • Race: Zerg Zerg
  • League: Platinum

VOD

Have the link to the VOD?

Description

Time

  • Played on: June 26, 2016, 7:54 p.m.
  • Length: 3:54
Show
View Real Time Build Order
Export as new Build Order

blackxored Zerg 

Build Orders: Pool First 

Get SALT Encoding   

  12  0:01  Drone  
  13  0:08  Drone  
  14  0:18  Overlord  
  14  0:23  Extractor, Drone  
  15  0:37  Drone x2  
  17  0:51  Extractor  
  17  0:53  Spawning Pool  
  17  0:55  Drone  
  17  0:57  Drone  
  17  1:06  Drone  
  18  1:17  Drone  
  19  1:22  Hatchery  
  18  1:29  Drone  
  19  1:41  Zergling x2  
  19  1:45  Queen  
  22  1:50  Overlord  
  22  2:12  Zergling x2  
  22  2:13  Zergling x2  
  24  2:19  Metabolic Boost  
  24  2:41  Drone x2  
  24  2:42  Drone  
  24  2:43  Queen  
  28  2:57  Drone  
  28  2:58  Hatchery  
  28  2:59  Drone x2  
  28  3:00  Drone x4  
  34  3:11  Zergling x4  
  34  3:35  Spine Crawler  
Show
View Real Time Build Order
Export as new Build Order

Sapitek Zerg - Winner!

Build Orders: Hatch First 

Get SALT Encoding   

  12  0:01  Drone  
  13  0:09  Drone  
  14  0:18  Overlord  
  14  0:37  Drone x3  
  17  0:53  Hatchery  
  16  1:07  Spawning Pool  
  16  1:10  Extractor  
  14  1:12  Drone  
  14  1:18  Drone  
  16  1:19  Drone  
  17  1:26  Drone  
  18  1:35  Drone  
  19  1:48  Overlord  
  19  1:54  Queen  
  19  1:58  Zergling x2  
  22  2:03  Baneling Nest  
  22  2:05  Zergling x2  
  22  2:12  Queen  
  24  2:17  Zergling x2  
  25  2:24  Zergling x4  
  27  2:30  Zergling x4  
  29  2:43  Zergling x2  
  29  2:44  Zergling x2  
  31  3:03  Zergling x4  
  31  3:04  Zergling x4  
  35  3:07  Baneling x2  
  35  3:08  Baneling x2  
  35  3:12  Overlord  
  33  3:28  Zergling x4  
  33  3:29  Overlord  
Tags
 
Add a new tag
Caveats
  • Supply blocks, unpowered buildings, or Contaminate may cause inaccurate times.
  • Supply counts are checked every 10 seconds.